PBL
ROSWELL INVADERS @ HOUSTON COLT .45'S
07/07/2046
 
TOP OF THE 1ST
Roswell Invaders batting - Pitching for Houston Colt .45's : LHP Shane Robinson
Pitching: LHP Shane Robinson
Batting: LHB Danny Salas 0-0: Ball
1-0: Called Strike
1-1: Ball
2-1: Bunted foul
2-2: Foul Ball, location: 2F
2-2: Strikes out looking
Batting: RHB John Ricketts 0-0: Ball
1-0: Called Strike
1-1: Swinging Strike
1-2: Ball
2-2: Ball
3-2: SINGLE (Flyball, 4MD, EV 89.4 MPH)
Batting: RHB Jimmy McIntosh 0-0: Foul Ball, location: 2F
0-1: Called Strike
0-2: Ball
1-2: Ball
2-2: Foul Ball, location: 2F
2-2: Foul Ball, location: 2F
2-2: Strikes out swinging
Batting: RHB David Powell 0-0: Ball
John Ricketts steals 2nd base
1-0: Foul Ball, location: 2F
1-1: Foul Ball, location: 2F
1-2: Strikes out swinging
Top of the 1st over - 0 runs, 1 hit, 0 errors, 1 left on base; Roswell 0 - Houston 0
BOTTOM OF THE 1ST
Houston Colt .45's batting - Pitching for Roswell Invaders : RHP Toshihiro Nagao
Pitching: RHP Toshihiro Nagao
Batting: RHB Daniel Pena 0-0: Ball
1-0: Fly out, F7 (Flyball, 7, EV 90.0 MPH)
Batting: LHB Bruce Arvizu 0-0: Called Strike
0-1: Foul Ball, location: 2F
0-2: Foul Ball, location: 2F
0-2: Ball
1-2: Reached on error, E7 (Flyball, 7LS, EV 95.6 MPH)
Batting: RHB Jason Monico 0-0: Ball
1-0: Ball
2-0: Foul Ball, location: 2F
2-1: Foul Ball, location: 2F
2-2: Foul Ball, location: 2F
2-2: Foul Ball, location: 2F
2-2: Foul Ball, location: 2F
2-2: Foul Ball, location: 2F
2-2: SINGLE (Flyball, 4D, EV 81.2 MPH)
Bruce Arvizu to second
Batting: RHB Jarno van Lente 0-0: Ball
1-0: Reached via error on a dropped throw from 2B, E6 (Groundball, 4M, EV 80.6 MPH)
Bruce Arvizu to third
Jason Monico to second
Batting: LHB Bob Govella 0-0: Called Strike
0-1: Ball
1-1: Fielders Choice at 2nd, 4-6 (Groundball, 4, EV 83.8 MPH)
Bruce Arvizu scores
Jason Monico to third
Batting: SHB Terciero Ortiz 0-0: Ball
1-0: Called Strike
1-1: Ball
2-1: Foul Ball, location: 2F
2-2: Strikes out swinging
Bottom of the 1st over - 1 run, 1 hit, 2 errors, 2 left on base; Roswell 0 - Houston 1
TOP OF THE 2ND
Roswell Invaders batting - Pitching for Houston Colt .45's : LHP Shane Robinson
Batting: LHB Angelo Lira 0-0: Called Strike
0-1: Ball
1-1: Ground out 6-3 (Groundball, 6, EV 85.6 MPH)
Batting: RHB Jose Cuellar 0-0: Ball
1-0: Swinging Strike
1-1: Ball
2-1: Swinging Strike
2-2: Ball
3-2: Strikes out swinging
Batting: RHB Isaiah Hampton 0-0: Ball
1-0: Swinging Strike
1-1: Ball
2-1: Ball
3-1: Swinging Strike
3-2: Base on Balls
Batting: RHB Carlos Gonzalez 0-0: Foul Ball, location: 2F
0-1: Called Strike
0-2: Ball
1-2: Ball
2-2: Ball
3-2: Base on Balls
Isaiah Hampton to second
Batting: RHB Devon House 0-0: Fielders Choice at 2nd, 6-4 (Groundball, 56, EV 85.0 MPH)
Top of the 2nd over - 0 runs, 0 hits, 0 errors, 2 left on base; Roswell 0 - Houston 1
BOTTOM OF THE 2ND
Houston Colt .45's batting - Pitching for Roswell Invaders : RHP Toshihiro Nagao
Batting: RHB John Moore 0-0: Ball
1-0: Foul Ball, location: 2F
1-1: SINGLE (Groundball, 56D, EV 101.2 MPH)
Batting: RHB Patrick Pinault 0-0: Foul Ball, location: 2F
0-1: Called Strike
0-2: Foul Ball, location: 2F
0-2: Ball
1-2: Ball
2-2: Foul Ball, location: 2F
2-2: Foul Ball, location: 2F
2-2: Ball
3-2: Strikes out swinging
Batting: LHB Ryan Fridley 0-0: Fielders Choice at 2nd, 4-6 (Groundball, 4, EV 91.2 MPH)
Batting: RHB Daniel Pena 0-0: Swinging Strike
0-1: Ball
1-1: Foul Ball, location: 2F
1-2: Foul Ball, location: 2F
1-2: Ball
Wild Pitch!
Ryan Fridley to second
2-2: Fly out, F8 (Flyball, 8RS, EV 88.8 MPH)
Bottom of the 2nd over - 0 runs, 1 hit, 0 errors, 1 left on base; Roswell 0 - Houston 1
TOP OF THE 3RD
Roswell Invaders batting - Pitching for Houston Colt .45's : LHP Shane Robinson
Batting: LHB Danny Salas 0-0: Ground out 1-3 (Groundball, 13S, EV 73.1 MPH)
Batting: RHB John Ricketts 0-0: SINGLE (Line Drive, 3D, EV 96.9 MPH)
Batting: RHB Jimmy McIntosh 0-0: Ball
1-0: Ball
2-0: Swinging Strike
2-1: SINGLE (Groundball, 34S, EV 80.0 MPH) (infield hit)
John Ricketts to second
Batting: RHB David Powell 0-0: Ball
Passed Ball!
John Ricketts to third
Jimmy McIntosh to second
1-0: Foul Ball, location: 2F
1-1: Ball
2-1: Foul Ball, location: 2F
2-2: Ball
3-2: Foul Ball, location: 2F
3-2: Strikes out swinging
Batting: LHB Angelo Lira 0-0: Swinging Strike
0-1: Ball
1-1: Called Strike
1-2: Strikes out swinging
Top of the 3rd over - 0 runs, 2 hits, 0 errors, 2 left on base; Roswell 0 - Houston 1
BOTTOM OF THE 3RD
Houston Colt .45's batting - Pitching for Roswell Invaders : RHP Toshihiro Nagao
Batting: LHB Bruce Arvizu 0-0: Foul Ball, location: 2F
0-1: Ball
1-1: SINGLE (Groundball, 6MS, EV 65.0 MPH) (infield hit)
Batting: RHB Jason Monico 0-0: Ball
1-0: Swinging Strike
1-1: Called Strike
1-2: Foul Ball, location: 2F
1-2: Ball
2-2: Foul Ball, location: 2F
2-2: Grounds into double play, 1-6-3 (Groundball, 13S, EV 63.1 MPH)
Batting: RHB Jarno van Lente 0-0: Ball
1-0: Swinging Strike
1-1: Foul Ball, location: 2F
1-2: Foul Ball, location: 2F
1-2: Ball
2-2: Foul Ball, location: 2F
2-2: Strikes out swinging
Bottom of the 3rd over - 0 runs, 1 hit, 0 errors, 0 left on base; Roswell 0 - Houston 1
TOP OF THE 4TH
Roswell Invaders batting - Pitching for Houston Colt .45's : LHP Shane Robinson
Batting: RHB Jose Cuellar 0-0: Called Strike
0-1: Ball
1-1: Called Strike
1-2: Ball
2-2: Ball
3-2: Foul Ball, location: 2F
3-2: Foul Ball, location: 2F
3-2: Foul Ball, location: 2F
3-2: Foul Ball, location: 2F
3-2: Fly out, F9 (Line Drive, 9, EV 88.8 MPH)
Batting: RHB Isaiah Hampton 0-0: Swinging Strike
0-1: Ball
1-1: SOLO HOME RUN (Line Drive, 78XD, EV 113.1 MPH), Distance : 431 ft
Batting: RHB Carlos Gonzalez 0-0: Ball
1-0: Called Strike
1-1: Foul Ball, location: 2F
1-2: Strikes out swinging
Batting: RHB Devon House 0-0: Called Strike
0-1: Ball
1-1: Fly out, F3 (Popup, 34, EV 66.2 MPH)
Top of the 4th over - 1 run, 1 hit, 0 errors, 0 left on base; Roswell 1 - Houston 1
BOTTOM OF THE 4TH
Houston Colt .45's batting - Pitching for Roswell Invaders : RHP Toshihiro Nagao
Batting: LHB Bob Govella 0-0: Ball
1-0: Called Strike
1-1: Ground out 5-3 (Groundball, 56S, EV 66.2 MPH)
Batting: SHB Terciero Ortiz 0-0: Called Strike
0-1: Fly out, F8 (Line Drive, 8RM, EV 88.8 MPH)
Batting: RHB John Moore 0-0: Ball
1-0: Called Strike
1-1: Ball
2-1: Ball
3-1: Called Strike
3-2: Foul Ball, location: 2F
3-2: Base on Balls
Batting: RHB Patrick Pinault 0-0: Ball
1-0: Called Strike
1-1: Swinging Strike
1-2: Strikes out swinging
Bottom of the 4th over - 0 runs, 0 hits, 0 errors, 1 left on base; Roswell 1 - Houston 1
TOP OF THE 5TH
Roswell Invaders batting - Pitching for Houston Colt .45's : LHP Shane Robinson
Batting: LHB Danny Salas 0-0: Ground out 5-3 (Groundball, 56, EV 80.6 MPH)
Batting: RHB John Ricketts 0-0: Called Strike
0-1: DOUBLE (Line Drive, 9LM, EV 105.6 MPH)
Batting: RHB Jimmy McIntosh 0-0: Called Strike
0-1: Ball
1-1: Ball
2-1: Ball
3-1: Called Strike
3-2: Strikes out swinging
Batting: RHB David Powell 0-0: Ball
1-0: Hit by Pitch
Batting: LHB Angelo Lira 0-0: Ball
1-0: Reached on error, E5 (Groundball, 5, EV 76.2 MPH)
John Ricketts to third
David Powell to second
Batting: RHB Jose Cuellar 0-0: Ball
1-0: Foul Ball, location: 2F
1-1: Called Strike
1-2: Ball
2-2: Strikes out swinging
Top of the 5th over - 0 runs, 1 hit, 1 error, 3 left on base; Roswell 1 - Houston 1
BOTTOM OF THE 5TH
Houston Colt .45's batting - Pitching for Roswell Invaders : RHP Toshihiro Nagao
Batting: LHB Ryan Fridley 0-0: Ball
1-0: Ball
2-0: Ball
3-0: Base on Balls
Batting: RHB Daniel Pena 0-0: Called Strike
0-1: DOUBLE (Line Drive, 7LD, EV 111.9 MPH)
Ryan Fridley to third
Batting: LHB Bruce Arvizu 0-0: SINGLE (Line Drive, 34D, EV 94.4 MPH)
Ryan Fridley scores
Daniel Pena to third
Runner from 3rd tries for Home, SAFE, throw by RF to home
Batting: RHB Jason Monico 0-0: Grounds into double play, 6-4-3 (Groundball, 6, EV 103.8 MPH)
Batting: RHB Jarno van Lente 0-0: Called Strike
0-1: Ground out 6-3 (Groundball, 6, EV 80.0 MPH)
Bottom of the 5th over - 2 runs, 2 hits, 0 errors, 0 left on base; Roswell 1 - Houston 3
TOP OF THE 6TH
Roswell Invaders batting - Pitching for Houston Colt .45's : LHP Shane Robinson
Batting: RHB Isaiah Hampton 0-0: Ground out 6-3 (Groundball, 6, EV 85.0 MPH)
Batting: RHB Carlos Gonzalez 0-0: Swinging Strike
0-1: Called Strike
0-2: Ball
1-2: Ball
2-2: Foul Ball, location: 2F
2-2: Strikes out swinging
Batting: RHB Devon House 0-0: Called Strike
0-1: Ground out 5-3 (Groundball, 56, EV 81.2 MPH)
Top of the 6th over - 0 runs, 0 hits, 0 errors, 0 left on base; Roswell 1 - Houston 3
BOTTOM OF THE 6TH
Houston Colt .45's batting - Pitching for Roswell Invaders : RHP Toshihiro Nagao
Pitching: LHP Bobby Manning
Batting: LHB Bob Govella 0-0: Called Strike
0-1: Ball
1-1: Swinging Strike
1-2: Strikes out looking
Batting: SHB Terciero Ortiz 0-0: Called Strike
0-1: Foul Ball, location: 2F
0-2: Ball
1-2: Ball
2-2: Fly out, F8 (Flyball, 8LM, EV 81.9 MPH)
Batting: RHB John Moore 0-0: Ball
1-0: Ball
2-0: Foul Ball, location: 2F
2-1: Ball
3-1: Base on Balls
Batting: RHB Patrick Pinault 0-0: Called Strike
0-1: Reached on error, E6 (Groundball, 6, EV 80.6 MPH)
John Moore to second
Batting: LHB Ryan Fridley 0-0: Ball
1-0: Called Strike
1-1: Foul Ball, location: 2F
1-2: Strikes out swinging
Bottom of the 6th over - 0 runs, 0 hits, 1 error, 2 left on base; Roswell 1 - Houston 3
TOP OF THE 7TH
Roswell Invaders batting - Pitching for Houston Colt .45's : LHP Shane Robinson
Pitching: RHP Vinny Salazar
Batting: LHB Danny Salas 0-0: Ball
1-0: Called Strike
1-1: Fly out, F7 (Flyball, 7D, EV 105.0 MPH)
Batting: RHB John Ricketts 0-0: Swinging Strike
0-1: Ball
1-1: Ball
2-1: Swinging Strike
2-2: Ball
3-2: Strikes out looking
Batting: RHB Jimmy McIntosh 0-0: SINGLE (Flyball, 4MD, EV 83.8 MPH)
Batting: RHB David Powell 0-0: Ball
1-0: Ball
2-0: Foul Ball, location: 2F
2-1: Ball
3-1: Base on Balls
Jimmy McIntosh to second
Batting: LHB Angelo Lira 0-0: Ball
1-0: Ball
2-0: Called Strike
2-1: Foul Ball, location: 2F
2-2: Foul Ball, location: 2F
2-2: Foul Ball, location: 2F
2-2: Foul Ball, location: 2F
2-2: Ball
3-2: Base on Balls
Jimmy McIntosh to third
David Powell to second
Pitching: RHP Devin Spears
Batting: RHB Jose Cuellar 0-0: Ball
Passed Ball!
Jimmy McIntosh scores
David Powell to third
Angelo Lira to second
1-0: Called Strike
1-1: Foul Ball, location: 2F
1-2: Ball
2-2: Fly out, F8 (Flyball, 78M, EV 86.9 MPH)
Top of the 7th over - 1 run, 1 hit, 0 errors, 2 left on base; Roswell 2 - Houston 3
BOTTOM OF THE 7TH
Houston Colt .45's batting - Pitching for Roswell Invaders : LHP Bobby Manning
Pitching: RHP Sergio Reyes
Batting: RHB Daniel Pena 0-0: Called Strike
0-1: Swinging Strike
0-2: Ball
1-2: Ball
2-2: Strikes out swinging
Batting: LHB Bruce Arvizu 0-0: Called Strike
0-1: Called Strike
0-2: Ball
1-2: Ball
2-2: Foul Ball, location: 2F
2-2: Foul Ball, location: 2F
2-2: Strikes out looking
Batting: RHB Jason Monico 0-0: Foul Ball, location: 2F
0-1: Ball
1-1: Foul Ball, location: 2F
1-2: Ball
2-2: Ball
3-2: SINGLE (Line Drive, 56D, EV 88.1 MPH)
Batting: RHB Jarno van Lente 0-0: Called Strike
Jason Monico is caught stealing 2nd base 2-4
Bottom of the 7th over - 0 runs, 1 hit, 0 errors, 0 left on base; Roswell 2 - Houston 3
TOP OF THE 8TH
Roswell Invaders batting - Pitching for Houston Colt .45's : RHP Devin Spears
Batting: RHB Isaiah Hampton 0-0: Called Strike
0-1: Foul Ball, location: 2F
0-2: Ball
1-2: Ball
2-2: Ball
3-2: Ground out 4-3 (Groundball, 4, EV 85.0 MPH)
Batting: RHB Carlos Gonzalez 0-0: SINGLE (Groundball, 56, EV 107.5 MPH) (infield hit)
Batting: RHB Devon House 0-0: Ball
1-0: Foul Ball, location: 2F
1-1: Called Strike
1-2: Strikes out swinging
Pitching: LHP Bernard Grose
Batting: LHB Danny Salas 0-0: Ball
1-0: Ball
2-0: Foul Ball, location: 2F
2-1: Ball
3-1: Reached on error, E4 (Groundball, 4, EV 80.0 MPH)
Carlos Gonzalez to second
Pitching: RHP Hector Carrillo
Batting: RHB John Ricketts 0-0: Ball
1-0: Called Strike
1-1: Ball
2-1: Swinging Strike
2-2: Fly out, F3 (Popup, 3F, EV 63.8 MPH)
Top of the 8th over - 0 runs, 1 hit, 1 error, 2 left on base; Roswell 2 - Houston 3
BOTTOM OF THE 8TH
Houston Colt .45's batting - Pitching for Roswell Invaders : RHP Sergio Reyes
Pitching: LHP Sam Davis
Batting: RHB Jarno van Lente 0-0: Ball
1-0: Ball
2-0: Foul Ball, location: 2F
2-1: Foul Ball, location: 2F
2-2: Foul Ball, location: 2F
2-2: Ball
3-2: Strikes out swinging
Batting: LHB Bob Govella 0-0: Called Strike
0-1: Called Strike
0-2: Ball
1-2: Ball
2-2: Ball
3-2: Reached on error, E6 (Groundball, 6, EV 85.6 MPH)
Batting: SHB Terciero Ortiz 0-0: Ball
1-0: Foul Ball, location: 2F
1-1: Foul Ball, location: 2F
1-2: Strikes out swinging, 2-3 out at first.
Batting: RHB John Moore 0-0: Called Strike
0-1: Called Strike
0-2: Ball
1-2: Ball
2-2: Ball
3-2: Strikes out swinging
Bottom of the 8th over - 0 runs, 0 hits, 1 error, 1 left on base; Roswell 2 - Houston 3
TOP OF THE 9TH
Roswell Invaders batting - Pitching for Houston Colt .45's : RHP Hector Carrillo
Pitching: LHP Rod Somerville
Batting: RHB Jimmy McIntosh 0-0: Called Strike
0-1: Swinging Strike
0-2: Ball
1-2: Ball
2-2: Ball
3-2: Foul Ball, location: 2F
3-2: Base on Balls
Batting: RHB David Powell 0-0: Ball
1-0: Foul Ball, location: 2F
1-1: Ball
Wild Pitch!
Jimmy McIntosh to second
2-1: Foul Ball, location: 2F
2-2: Strikes out looking
Batting: LHB Angelo Lira 0-0: Ball
1-0: Ball
2-0: Called Strike
2-1: Ball
3-1: Base on Balls
Batting: RHB Jose Cuellar 0-0: Called Strike
0-1: Called Strike
0-2: Fly out, F9 (Flyball, 9, EV 83.1 MPH)
Batting: RHB Isaiah Hampton 0-0: Called Strike
0-1: Ball
1-1: Ball
2-1: Swinging Strike
2-2: Foul Ball, location: 2F
2-2: Strikes out swinging
Top of the 9th over - 0 runs, 0 hits, 0 errors, 2 left on base; Roswell 2 - Houston 3
Tuesday, September 13th , 2022 - OOTP Baseball 23.7 Build 88